 Dungeon Crawl Stone Soup version 0.24-a0-496-gbe733cd003 (webtiles) character file.

Game seed: 7000989186147109867

7534 Akello the Cleaver (level 11, -2/97 HPs)
             Began as a Hill Orc Fighter on July 12, 2019.
             Was a Follower of Beogh.
             Succumbed to a kobold's poison
             ... on level 10 of the Dungeon on July 13, 2019.
             The game lasted 00:17:53 (11658 turns).

Akello the Cleaver (Hill Orc Fighter)              Turns: 11658, Time: 00:17:54

Health: -2/97      AC: 16    Str: 23    XL:     11   Next: 16%
Magic:  17/17      EV:  6    Int:  8    God:    Beogh [*.....]
Gold:   473        SH: 11    Dex: 10    Spells: 10/10 levels left

rFire    x . .     SeeInvis .   y - +0 broad axe
rCold    + . .     Gourm    .   c - +0 shield
rNeg     . . .     Faith    .   s - +0 plate armour
rPois    .         Spirit   .   n - +0 helmet
rElec    .         Reflect  .   t - +0 cloak
rCorr    .         Harm     .   (no gloves)
MR       .....                  (no boots)
Stlth    ..........             (no amulet)
HPRegen  0.26/turn              j - ring of ice
MPRegen  0.15/turn              e - ring of flight

@: lethally poisoned (-2 -> -78), about to teleport
A: no striking features
a: Renounce Religion, Evoke Flight


You were on level 10 of the Dungeon.
You worshipped Beogh.
Beogh was aware of your devotion.
You were hungry.

You visited 1 branch of the dungeon, and saw 10 of its levels.

You collected 473 gold pieces.

Inventory:

Hand Weapons
 a - a +1 war axe
 y - a +0 broad axe (weapon)
Missiles
 p - a throwing net (quivered)
Armour
 b - a +0 scale mail
 c - a +0 shield (worn)
 n - a +0 helmet (worn)
 o - the +1 scale mail of the Hanged Man {Int+4}
   (You found it on level 5 of the Dungeon)

   It affects your intelligence (+4).
 s - a +0 plate armour (worn)
 t - a +0 cloak (worn)
Jewellery
 e - a ring of flight (right hand)
 g - an uncursed ring of protection from fire {unknown}
 j - a ring of ice (left hand)
Wands
 m - a wand of acid (10)
 w - a wand of flame (22)
Scrolls
 h - 13 scrolls of identify
 i - 5 scrolls of teleportation
 q - 3 scrolls of remove curse
Potions
 r - a potion of agility
 B - a potion of brilliance
Miscellaneous
 x - a phantom mirror
Comestibles
 f - 13 rations


   Skills:
 + Level 9.3 Fighting
 + Level 11.5 Axes
 + Level 8.8 Armour
 - Level 0.8 Dodging
 - Level 0.2 Stealth
 + Level 9.2 Shields
 + Level 8.3 Invocations


You had 10 spell levels left.
You didn't know any spells.
Your spell library contained the following spells:

 Spells                   Type           Power        Failure   Level  Hunger
 Animate Skeleton         Necr           N/A          100%        1    ##.....
 Corona                   Hex            #......      100%        1    ##.....
 Pain                     Necr           #...         100%        1    ##.....
 Ensorcelled Hibernation  Hex/Ice        #.....       100%        2    ###....
 Confuse                  Hex            #.......     100%        3    ####...
 Conjure Flame            Conj/Fire      #.......     100%        3    ####...
 Dazzling Spray           Conj/Hex       #.....       100%        3    ####...
 Mephitic Cloud           Conj/Pois/Air  #.......     100%        3    ####...
 Regeneration             Chrm/Necr      #.........   100%        3    ####...
 Tukima's Dance           Hex            #.......     100%        3    ####...
 Vampiric Draining        Necr           #.........   100%        3    ####...
 Animate Dead             Necr           N/A          100%        4    #####..
 Lee's Rapid Deconstruct  Erth           #.........   100%        5    ######.
 Statue Form              Tmut/Erth      #........    100%        6    #######


Dungeon Overview and Level Annotations

Branches:
Dungeon (10/15)            Temple (0/1) D:6            Lair (0/6) D:9
    Orc: D:9-12

Altars:
Uskayaw
Vehumet

Annotations:
D:7 2 transporters, motoroller71's ghost, novice GnFi
D:8 2 transporters, anet's ghost, novice DEWz
D:10 Sonja


Message History

You barely miss the kobold.
* * * LOW HITPOINT WARNING * * *
You feel extremely sick. You block the kobold's attack.
Okay, then.
As you read the scroll of teleportation, it crumbles to dust.
You feel strangely unstable.
You feel yourself speed up.
* * * LOW HITPOINT WARNING * * *
You feel extremely sick.
The kobold hits you with a +1 short sword of venom.
* * * LOW HITPOINT WARNING * * *
You are more poisoned.
The kobold hits you but does no damage. x2
You are more poisoned.
You block the kobold's attack.
Okay, then.
* * * LOW HITPOINT WARNING * * *
You feel extremely sick.
You die...

..# '## #. .## #..
..# #.# #'#####
###.###### ......#
#.....(..### ......#
#........KK# ......#
#........#.#
......####......@.#W#
..(...'.##........#.#
......#.##........#.#
......#.##........#..
......#..'........##.
...<..####........# #
#+##### #........#
#........# #######'##


You could see 2 kobolds.

Vanquished Creatures
  A two-headed ogre (D:8)
  A death yak (D:9)
  The ghost of Lexodia the Blocker, a novice DsFi of Nemelex Xobeh (D:9)
  Pikel (D:7)
  3 kobold demonologists
  Prince Ribbit (D:7)
  A hippogriff (D:9)
  A shadow (D:8)
  A basilisk (D:9)
  A hungry ghost (D:8)
  Grum (D:8)
  A steam dragon (D:8)
  An acid dragon (D:8)
  2 sky beasts
  2 orc warriors (D:8)
  A phantom (D:10)
  4 ogres
  A crocodile (D:9)
  4 wolves (D:8)
  A centaur (D:9)
  9 big kobolds
  3 bullfrogs
  5 killer bees (D:7)
  5 howler monkeys
  6 crimson imps
  A bullfrog zombie (D:5)
  Crazy Yiuf (D:5)
  2 hounds
  A quasit (D:8)
  An iguana (D:8)
  4 orc wizards
  A bullfrog skeleton (D:9)
  A centaur skeleton (D:8)
  9 worker ants
  A hound skeleton (D:4)
  A worker ant zombie (D:8)
  6 adders
  3 gnolls (D:6)
  2 shadow imps
  An ooze (D:1)
  An adder skeleton (D:9)
  4 worms
  3 dart slugs
  4 leopard geckos
  11 orcs
  4 ball pythons
  7 giant cockroaches
  8 goblins
  9 hobgoblins
  22 jackals
  3 quokkas
  6 bats
  3 frilled lizards
  4 kobolds
  A leopard gecko skeleton (D:6)
  A leopard gecko zombie (D:5)
  A quokka skeleton (D:4)
  7 rats
192 creatures vanquished.

Vanquished Creatures (others)
  A slave (D:7)
  A black bear (D:7)
  An orc priest (D:6)
  A jackal (D:6)
  4 fungi (D:9)
8 creatures vanquished.

Grand Total: 200 creatures vanquished

Notes
Turn   | Place    | Note
-------+----------+-------------------------------------------
     0 | D:1      | Akello the Hill Orc Fighter began the quest for the Orb.
     0 | D:1      | Reached XP level 1. HP: 19/19 MP: 1/1
   194 | D:1      | Reached XP level 2. HP: 21/27 MP: 2/2
   433 | D:1      | Reached skill level 3 in Axes
   601 | D:1      | Reached XP level 3. HP: 33/33 MP: 3/3
  1099 | D:2      | Reached XP level 4. HP: 40/40 MP: 4/4
  2208 | D:2      | Reached skill level 4 in Axes
  2619 | D:3      | Reached XP level 5. HP: 37/47 MP: 5/5
  3273 | D:4      | Reached skill level 5 in Axes
  3357 | D:4      | Reached XP level 6. HP: 39/53 MP: 6/6
  3638 | D:4      | Found a hide-covered altar of Uskayaw.
  3664 | D:4      | Reached skill level 6 in Axes
  3677 | D:4      | Reached XP level 7. HP: 29/60 MP: 7/7
  4041 | D:4      | Reached skill level 5 in Shields
  4209 | D:5      | Entered Level 5 of the Dungeon
  4309 | D:5      | Reached skill level 5 in Fighting
  4309 | D:5      | Reached skill level 7 in Axes
  4501 | D:5      | Got a smelly scale mail
  4514 | D:5      | Identified the cursed +1 scale mail of the Hanged Man
                  | {Int+4} (You found it on level 5 of the Dungeon)
  4698 | D:5      | Reached skill level 5 in Armour
  4921 | D:5      | Found a runed translucent door.
  4922 | D:5      | Noticed Crazy Yiuf
  4953 | D:5      | Killed Crazy Yiuf
  5080 | D:5      | Reached skill level 8 in Axes
  5289 | D:6      | Reached XP level 8. HP: 61/68 MP: 8/8
  5359 | D:6      | Found a staircase to the Ecumenical Temple.
  5360 | D:6      | Became a worshipper of Beogh the Brigand
  5423 | D:6      | Reached skill level 1 in Invocations
  5745 | D:6      | Found a radiant altar of Vehumet.
  6214 | D:7      | Noticed Pikel
  6231 | D:7      | Killed Pikel
  6231 | D:7      | Reached skill level 9 in Axes
  6231 | D:7      | Reached XP level 9. HP: 40/78 MP: 9/12
  6742 | D:7      | Noticed Prince Ribbit
  6769 | D:7      | Killed Prince Ribbit
  6769 | D:7      | Reached * piety under Beogh
  7006 | D:7      | Found a transporter.
  7007 | D:7      | Identified the +3 great mace of Disarray {protect, *Contam
                  | +Inv Str+3}
  7007 | D:7      | Noticed motoroller71's ghost (novice GnFi)
  7014 | D:7      | Found a transporter.
  7912 | D:8      | Found a transporter.
  7938 | D:8      | Noticed a kobold demonologist
  7941 | D:8      | Noticed a smoke demon
  7947 | D:8      | Noticed a smoke demon
  7952 | D:8      | Killed a kobold demonologist
  7952 | D:8      | Reached skill level 5 in Invocations
  7968 | D:8      | HP: 2/79 [orc warrior/+0 halberd (13)]
  8202 | D:8      | Noticed Grum
  8236 | D:8      | Reached skill level 10 in Axes
  8245 | D:8      | Killed Grum
  8618 | D:8      | Noticed anet's ghost (novice DEWz)
  8624 | D:8      | Found a transporter.
  8697 | D:8      | Reached XP level 10. HP: 81/88 MP: 14/14
  9579 | D:8      | Noticed a two-headed ogre
  9603 | D:8      | Killed a two-headed ogre
  9760 | D:8      | Identified the Grimoire of the Damaging Rocks
 10100 | D:9      | Noticed a kobold demonologist
 10101 | D:9      | Found a runed translucent gate.
 10101 | D:9      | Found a runed translucent gate.
 10101 | D:9      | Noticed a kobold demonologist
 10101 | D:9      | Noticed Lexodia's ghost (novice DsFi)
 10102 | D:9      | Found a runed translucent gate.
 10176 | D:9      | Noticed a death yak
 10191 | D:9      | Killed a death yak
 10191 | D:9      | Reached skill level 11 in Axes
 10212 | D:9      | Found a staircase to the Lair.
 10776 | D:9      | Identified the amulet of Daqoon {Reflect Int+5 Slay-4 SH+4}
 10802 | D:9      | Noticed a rust devil
 10810 | D:9      | Killed Lexodia's ghost
 10810 | D:9      | Reached XP level 11. HP: 85/97 MP: 16/16
 11185 | D:9      | Noticed a soul eater
 11587 | D:10     | Entered Level 10 of the Dungeon
 11646 | D:10     | Noticed Sonja
 11657 | D:10     | HP: 4/97 [poisoned by a kobold]
 11658 | D:10     | Succumbed to a kobold's poison

Levels and vault maps discovered:
D:1:      dpeg_arrival_renting, layout_basic
D:2:      layout_basic
D:3:      layout_basic
D:4:      layout_loops_ring, eat_drink_and_be_merry_uskayaw, hex_tiny,
          kennysheep_generic_room_5
D:5:      layout_loops_ring, first_ration, uniq_crazy_yiuf_cottage
D:6:      layout_basic, minmay_temple_entry_proselytizer, vehumet_altar_wand_db
D:7:      layout_basic, gammafunk_ghost_smash, uniq_prince_ribbit1, uniq_pikel
D:8:      minmay_tri_box, layout_layer_cave, gammafunk_ghost_stat_death,
          uniq_grum
D:9:      layout_loops_ring, david_lair_generic, gammafunk_ghost_nasty_kobolds
D:10:     layout_roguey, uniq_sonja

Skill      XL: |  1  2  3  4  5  6  7  8  9 10 11 |
---------------+----------------------------------+-----
Axes           | 3 4 5 6 8 9 10 11 | 11.5
Fighting       | 4 5 6 7 9 |  9.3
Shields        | 4 5 6 7 8 9 |  9.2
Armour         | 4 5 6 7 8 |  8.8
Invocations    | 4 6 7 8 |  8.3
Dodging        | |  0.8
Stealth        | |  0.2

Action                   |  1- 3 |  4- 6 |  7- 9 | 10-12 || total
-------------------------+-------+-------+-------+-------++-------
Melee: War axe           |   117 |   186 |   409 |    67 ||   779
       Broad axe         |       |       |       |   134 ||   134
Throw: Throwing net      |       |       |       |     1 ||     1
Invok: Convert to Beogh  |       |       |     1 |       ||     1
  Use: Scroll            |       |     7 |     3 |     6 ||    16
       Potion            |       |     4 |    12 |     4 ||    20
  Eat: Chunk             |       |     6 |     6 |     7 ||    19
       Ration            |       |     1 |     4 |     1 ||     6
Armor: Scale mail        |    58 |    63 |       |       ||   121
       Plate armour      |       |    43 |   297 |   104 ||   444
       Skin              |       |       |    16 |       ||    16
Dodge: Dodged            |    37 |    45 |    91 |    46 ||   219
Block: Shield            |    72 |    99 |   234 |   116 ||   521

Table legend:
 A = Non-vault XP
 B = Vault XP
 C = Vault XP percentage of total XP
 D = Non-vault monster count
 E = Vault monster count
 F = Vault count percentage of total count
                 A         B        C        D         E       F
            +---------+---------+-------+---------+---------+-------
      Total |    3570 |    7193 |  66.8 |     158 |      34 |  17.7
            +---------+---------+-------+---------+---------+-------
        D:1 |      69 |       0 |   0.0 |      34 |       0 |   0.0
        D:2 |      68 |       0 |   0.0 |      24 |       0 |   0.0
        D:3 |      83 |       0 |   0.0 |      17 |       0 |   0.0
        D:4 |     452 |      79 |  14.9 |      16 |       2 |  11.1
        D:5 |     393 |      44 |  10.1 |      11 |       1 |   8.3
        D:6 |     679 |       2 |   0.3 |      24 |       1 |   4.0
        D:7 |     340 |     937 |  73.4 |       8 |       2 |  20.0
        D:8 |     828 |    2605 |  75.9 |      15 |      13 |  46.4
        D:9 |     434 |    3526 |  89.0 |       7 |      15 |  68.2
       D:10 |     224 |       0 |   0.0 |       2 |       0 |   0.0
            +---------+---------+-------+---------+---------+-------
